 Dungeon Crawl Stone Soup version 0.20.0-15-g7f486f2 (webtiles) character file.

92 Inus the Stinger (level 4, -10/30 HPs)
             Began as a Merfolk Venom Mage on July 4, 2017.
             Mangled by JohnnyMnemonic's ghost (11 damage)
             ... on level 3 of the Dungeon.
             The game lasted 00:07:31 (1875 turns).

Inus the Stinger (Merfolk Venom Mage)               Turns: 1875, Time: 00:07:32

Health: -10/30     AC:  4    Str:  8    XL:     4   Next: 60%
Magic:  2/17       EV: 14    Int: 15    God:
Gold:   73         SH:  0    Dex: 14    Spells: 2/8 levels left

rFire    . . .     SeeInvis .   p - +2 long sword
rCold    + . .     Gourm    .   (no shield)
rNeg     . . .     Faith    .   a - +0 robe
rPois    .         Spirit   .   (no helmet)
rElec    .         Reflect  .   (no cloak)
rCorr    .         Harm     .   j - +1 pair of gloves
MR       .....                  (no boots)
Stlth    ++........             (no amulet)
Regen    0.1/turn               l - ring of magical power
MPRegen  0.2/turn               m - ring of protection from cold

@: very slightly contaminated, hasted, very quick
A: change form in water, swift swim, stealthy swim
a: no special abilities


You were on level 3 of the Dungeon.
You were not hungry.

You visited 1 branch of the dungeon, and saw 3 of its levels.

You collected 73 gold pieces.

Inventory:

Hand Weapons
 p - a +2 long sword (weapon)
 t - a +1 antimagic whip
Missiles
 f - 4 javelins (quivered)
 h - 62 bolts
Armour
 a - a +0 robe (worn)
 j - a +1 pair of gloves (worn)
Jewellery
 l - a ring of magical power (left hand)
 m - a ring of protection from cold (right hand)
Books
 b - a Young Poisoner's Handbook

   Spells                             Type                      Level
   a - Sting                          Conjuration/Poison           1
   b - Poisonous Vapours              Poison/Air                   2
   c - Mephitic Cloud                 Conjuration/Poison/Air       3
   d - Olgreb's Toxic Radiance        Poison                       4
   e - Venom Bolt                     Conjuration/Poison           5
Comestibles
 c - 3 bread rations
 d - 2 meat rations
 o - 5 chunks of flesh


   Skills:
 + Level 4.0 Dodging
 - Level 2.1 Stealth
 + Level 2.6 Spellcasting
 + Level 1.6 Conjurations
 + Level 4.1 Poison Magic


You had 2 spell levels left.
You knew the following spells:

 Your Spells              Type           Power        Failure   Level  Hunger
a - Sting                 Conj/Pois      ##..         6%          1    #......
b - Poisonous Vapours     Pois/Air       #.....       14%         2    ##.....
c - Mephitic Cloud        Conj/Pois/Air  #.......     28%         3    ###....


Dungeon Overview and Level Annotations

Branches:
Dungeon (3/15)

Altars:
Yredelemnul

Annotations:
D:3 JohnnyMnemonic's ghost, weakling DrMo


Message History

JohnnyMnemonic's ghost completely misses you.
You riposte.
You hit JohnnyMnemonic's ghost.
JohnnyMnemonic's ghost is moderately damaged.
You closely miss JohnnyMnemonic's ghost.
JohnnyMnemonic's ghost is moderately damaged.
JohnnyMnemonic's ghost hits you!
* * * LOW HITPOINT WARNING * * *
You miss JohnnyMnemonic's ghost.
JohnnyMnemonic's ghost is moderately damaged.
JohnnyMnemonic's ghost closely misses you.
You closely miss JohnnyMnemonic's ghost.
JohnnyMnemonic's ghost is moderately damaged.
You kill the orc!
JohnnyMnemonic's ghost hits you.
* * * LOW HITPOINT WARNING * * *
You aren't carrying any potions.
You barely miss JohnnyMnemonic's ghost.
JohnnyMnemonic's ghost is moderately damaged.
JohnnyMnemonic's ghost hits you!
You die...

....
##.(....g...
...
#######(.#....
## .........# .
#######.<#
#..######
#######ooo....o
#.....Kgg######
#######W##
####@####
#..(....#
##......#
#......#
#.....$#
#......#
#......#
########


You could see JohnnyMnemonic's ghost, 3 orcs, 2 goblins and a kobold.

Vanquished Creatures
  An orc priest (D:3)
  An ooze (D:2)
  7 orcs (D:3)
  8 bats
  A giant cockroach (D:1)
  9 goblins
  5 hobgoblins
  2 jackals (D:2)
  5 kobolds
  A quokka (D:2)
  A ball python (D:1)
  2 frilled lizards (D:1)
  4 rats
47 creatures vanquished.

Notes
Turn   | Place    | Note
-------+----------+-------------------------------------------
     0 | D:1      | Inus the Merfolk Venom Mage began the quest for the Orb.
     0 | D:1      | Reached XP level 1. HP: 13/13 MP: 3/3
   283 | D:1      | Reached skill level 1 in Conjurations
   606 | D:1      | Reached XP level 2. HP: 19/19 MP: 1/5
  1117 | D:1      | Learned a level 2 spell: Poisonous Vapours
  1297 | D:2      | Reached XP level 3. HP: 14/24 MP: 2/6
  1361 | D:2      | Learned a level 3 spell: Mephitic Cloud
  1830 | D:3      | Found a basalt altar of Yredelemnul.
  1830 | D:3      | Noticed JohnnyMnemonic's ghost (weakling DrMo)
  1856 | D:3      | Reached XP level 4. HP: 20/30 MP: 7/7
  1874 | D:3      | HP: 1/30 [JohnnyMnemonic's ghost (2)]
  1875 | D:3      | Mangled by JohnnyMnemonic's ghost

Skill      XL: |  1  2  3 |
---------------+----------+-----
Conjurations   | 1 |  1.6
Dodging        | 3 4 |  4.0
Poison Magic   | 4 |  4.1
Stealth        | |  2.1
Spellcasting   | |  2.6

Action                   |  1- 3 |  4- 6 || total
-------------------------+-------+-------++-------
Melee: Unarmed           |    10 |       ||    10
       Long sword        |    36 |    13 ||    49
       Club              |     7 |       ||     7
Throw: Javelin           |     4 |       ||     4
 Cast: Sting             |    44 |       ||    44
       Poisonous Vapours |     5 |     3 ||     8
  Use: Scroll            |     7 |       ||     7
       Potion            |     3 |     1 ||     4
 Stab: Sleeping          |     1 |       ||     1
  Eat: Chunk             |     4 |       ||     4
Armor: Robe              |    24 |     1 ||    25
Dodge: Dodged            |    83 |     7 ||    90
       Rpst.: Long sword |    20 |     3 ||    23
